 Dungeon Crawl Stone Soup version 0.32-a0-30-gefbe487952 (webtiles) character file.

Game seed: 10604628185092557210

2993 quinnr the Zephyrmancer (level 9, -1/50 HPs)
             Began as a Tengu Air Elementalist on Jan 19, 2024.
             Was a Follower of Vehumet.
             Killed by their own static electricity (2 damage)
             ... on level 7 of the Dungeon.
             The game lasted 00:13:21 (8772 turns).

quinnr the Zephyrmancer (Tengu Air Elementalist)    Turns: 8772, Time: 00:13:22

Health: -1/50      AC:  5    Str: 13    XL:     9   Next: 83%
Magic:  2/13       EV: 18    Int: 19    God:    Vehumet [*.....]
Gold:   377        SH:  5    Dex: 20    Spells: 2/12 levels left

rFire   . . .        j - staff of death {!a}
rCold   . . .        (no shield)
rNeg    + + .        s - +2 robe {Will+}
rPois   +            (helmet restricted)
rElec   .            (no cloak)
rCorr   .            n - +0 pair of gloves
SInv    .            (boots unavailable)
Will    +....        t - amulet of reflection
Stlth   +++          P - ring of poison resistance
HPRegen 0.28/turn    d - ring "Pekhla" {rN+ Str+3 Dex+6}
MPRegen 0.13/turn

%: reflection, acrobat
@: flying
A: beak, talons 3, evasive flight, acrobatic
a: Renounce Religion


You were on level 7 of the Dungeon.
You worshipped Vehumet.
Vehumet was aware of your devotion.
You visited 2 branches of the dungeon, and saw 8 of its levels.

You collected 416 gold pieces.
You spent 39 gold pieces at shops.


Innate Abilities, Weirdness & Mutations

You have a beak for a mouth.
You have claws for feet.
Your magical flight helps you evade attacks. (EV +4)
You can magically evade attacks while moving or waiting.


   Skills:
 - Level 3.0 Fighting
 - Level 3.0 Armour
 - Level 4.0 Dodging
 - Level 3.0 Stealth
 - Level 2.0 Spellcasting
 + Level 9.3 Conjurations
 - Level 12.4 Air Magic
 - Level 3.0 Evocations


You had 2 spell levels left.
You knew the following spells:

 Your Spells              Type           Power      Damage    Failure   Level
a - Airstrike             Air            24%        2d(4-20)  1%          4
i - Swiftness             Air            49%        N/A       1%          3
t - Static Discharge      Conj/Air       86%        3-7/arc   1%          2
z - Shock                 Conj/Air       100%       1d9       1%          1

Your spell library contained the following spells:

 Spells                   Type           Power      Damage    Failure   Level
 Magic Dart               Conj           100%       1d8       1%          1
 Sting                    Conj/Alch      76%        1d7       2%          1
 Apportation              Tloc           2%         N/A       17%         1
 Necrotise                Necr           8%         1d4       17%         1
 Slow                     Hex            4%         N/A       17%         1
 Summon Small Mammal      Summ           4%         N/A       17%         1
 Confusing Touch          Hex            1%         N/A       45%         3
 Gell's Gravitas          Tloc           1%         N/A       45%         3
 Sigil of Binding         Hex            1%         N/A       45%         3
 Teleport Other           Tloc           1%         N/A       45%         3
 Vampiric Draining        Necr           2%         2d6       45%         3
 Dispersal                Tloc           0%         N/A       100%        6

Inventory:

Armour
 a - a +0 robe
 n - a +0 pair of gloves (worn)
 s - a +2 robe of willpower (worn)
Magical Staves
 j - a staff of death (weapon) {!a}
 o - a staff of earth {!a}
Jewellery
 d - the ring "Pekhla" (right hand) {rN+ Str+3 Dex+6}
   (You acquired it on level 4 of the Dungeon)

   [ring of dexterity]

   Str+3:     It affects your strength (+3).
   Dex+6:     It affects your dexterity (+6).
   rN+:       It protects you from negative energy.
 t - an amulet of reflection (around neck)
 I - a +6 ring of intelligence
 P - a ring of poison resistance (left hand)
 Z - a ring of wizardry
Wands
 f - a wand of paralysis (8)
 l - a wand of polymorph (10)
 m - a wand of flame (20)
Scrolls
 g - 2 scrolls of teleportation {@r2}
 i - a scroll of enchant weapon
 k - a scroll of poison
 q - a scroll of brand weapon
 v - a scroll of amnesia {unknown}
Potions
 b - a potion of magic
 c - 2 potions of might
 e - 4 potions of curing {@q1}
 h - a potion of invisibility
 p - a potion of cancellation
 r - 2 potions of ambrosia
 u - 2 potions of haste {unknown}

Dungeon Overview and Level Annotations

Branches:
Dungeon (7/15)             Temple (1/1) D:5

Altars:
Cheibriados
Dithmenos
Elyvilon
Fedhas
Gozag
Hepliaklqana
Kikubaaqudgha
Makhleb
Okawaru
Qazlal
Ru
Sif Muna
Trog
Uskayaw
Vehumet
Wu Jian
Xom
Yredelemnul
Zin
The Shining One

Shops:
D:3 !   D:5 [

Annotations:
D:4 exclusion: downstairs
D:7 Maggie

#.#### #.# #.
#....# #.# ##
####.# #.# #.#
#.# #.# #.# #.#
#.#
###########.#
#.#
#...........#
#.#
#.....@@..###
#.#######
..........#
#.##....#
..........#
#.##....#
....#####.#
#.##....# ...
#.# #.##....# ..
#.######)##....#
#
#...............
########........
......#.######.


You could see Maggie (paralysed).


Message History

Maggie is severely wounded.
The water moccasin is struck by an arc of lightning.
The water moccasin is almost dead.
You are struck by an arc of lightning.
* * * LOW HITPOINT WARNING * * *
Maggie is struck by an arc of lightning.
Maggie is almost dead.
You are struck by an arc of lightning.
* * * LOW HITPOINT WARNING * * *
The lightning grounds out.
The water moccasin closely misses you. The water moccasin bites you.
* * * LOW HITPOINT WARNING * * *
Unknown command.
Unknown command.
Unknown command.
Casting: Static Discharge (safe; 1% risk of failure)
Confirm with . or Enter, or press ? or * to list all spells.
The water moccasin is struck by an arc of lightning.
You kill the water moccasin!
Vehumet accepts your kill.
You are struck by an arc of lightning.
Maggie is struck by an arc of lightning!
Maggie is almost dead.
You are struck by an arc of lightning.
* * * LOW HITPOINT WARNING * * *
The lightning grounds out.
Maggie is struck by an arc of lightning.
Maggie is almost dead.
You are struck by an arc of lightning.
You die...

Skill      XL: |  1  2  3  4  5  6  7  8  9 |
---------------+----------------------------+-----
Air Magic      | 5 6 7 8 9 11 12 | 12.4
Evocations     | 3 |  3.0
Conjurations   | 3 9 |  9.3
Fighting       | 2 3 |  3.0
Armour         | 2 3 |  3.0
Dodging        | 3 4 |  4.0
Stealth        | 3 |  3.0
Spellcasting   | |  2.0

Action                     |  1- 3 |  4- 6 |  7- 9 || total
---------------------------+-------+-------+-------++-------
  Melee: Unarmed           |     5 |       |       ||     5
         Peck              |     2 |       |     8 ||    10
         Kick              |     1 |       |     4 ||     5
         Staff             |       |       |    18 ||    18
   Cast: Shock             |    76 |    84 |   259 ||   419
         Static Discharge  |       |     8 |    20 ||    28
         Airstrike         |       |       |     5 ||     5
  Evoke: Wand              |       |       |     2 ||     2
    Use: Scroll            |       |     9 |     3 ||    12
   Stab: Paralysed         |       |       |     3 ||     3
 Armour: Robe              |    13 |    22 |    72 ||   107
  Dodge: Dodged            |    16 |     8 |   134 ||   158
  Block: Other             |       |       |    10 ||    10

Levels and vault maps discovered:
D:1:      tarquinn_simple_flora_water_c, layout_rooms, minmay_misc_feat_five,
          skrybe_limestone_x, corexii_item_surrounded_by_moat
D:2:      layout_basic, uniq_terence
D:3:      layout_loops_ring, lemuel_crystal_altar,
          mainiacjoe_overflow_boulevard, serial_shops,
          nicolae_shop_industrial_runoff, ebering_ecumenical_altar_box,
          minmay_misc_feat_enclosed
D:4:      minmay_chambers_of_fours, layout_loops_corners,
          nicolae_twisty_statue_hallways
D:5:      layout_rooms, grunt_dithmenos_shadows,
          regret_index_kikubaaqudgha_part_by_part, minmay_temple_entry_glass,
          serial_shops, nicolae_shop_tiny_waterfront,
          nicolae_concentric_dashed_squares_mild, solitary_fountain,
          grunt_ministairs_9, mrwooster_statue_mirror, uniq_duvessa
D:6:      layout_basic, lemuel_mausoleum_altar_yredelemnul
D:7:      layout_basic, uniq_maggie
Temple:   hellmonk_temple_of_storms

Notes
Turn   | Place    | Note
-------+----------+-------------------------------------------
     0 | D:1      | quinnr the Tengu Air Elementalist began the quest for the
                  | Orb.
     0 | D:1      | Reached XP level 1. HP: 10/10 MP: 4/4
   182 | D:1      | Reached XP level 2. HP: 15/15 MP: 4/6
   327 | D:1      | Reached skill level 5 in Air Magic
   882 | D:2      | Reached XP level 3. HP: 19/19 MP: 3/7
  1037 | D:2      | Reached skill level 6 in Air Magic
  1353 | D:2      | Noticed Terence
  1365 | D:2      | Killed Terence
  1366 | D:2      | Reached XP level 4. HP: 7/24 MP: 0/8
  1891 | D:2      | Reached skill level 7 in Air Magic
  1927 | D:2      | Learned a level 2 spell: Static Discharge
  1931 | D:2      | Learned a level 3 spell: Swiftness
  2102 | D:3      | Reached XP level 5. HP: 28/28 MP: 2/9
  2211 | D:3      | Found a hazy altar of Hepliaklqana.
  2329 | D:3      | Found Xaelaz's Distillery.
  2337 | D:3      | Bought a potion of curing for 39 gold pieces
  2448 | D:3      | Found a faded altar of an unknown god.
  2578 | D:3      | Found a glowing golden altar of the Shining One.
  3108 | D:4      | Reached skill level 8 in Air Magic
  3443 | D:4      | Reached XP level 6. HP: 32/32 MP: 7/10
  3482 | D:4      | Noticed an orc warrior
  3589 | D:4      | Reached skill level 1 in Evocations
  3692 | D:4      | Killed an orc warrior
  3692 | D:4      | HP: 1/32 [/static electricity (3)]
  3693 | D:4      | Reached skill level 2 in Evocations
  4020 | D:4      | Reached skill level 9 in Air Magic
  4024 | D:4      | Identified a scroll of acquirement
  4026 | D:4      | Acquired the ring "Pekhla" {rN+ Str+3 Dex+6}
  4331 | D:4      | Reached skill level 3 in Evocations
  4331 | D:4      | Gained mutation: Your magical flight helps you evade
                  | attacks. (EV +4) [Tengu growth]
  4331 | D:4      | Reached XP level 7. HP: 31/36 MP: 6/11
  4488 | D:5      | Entered Level 5 of the Dungeon
  4507 | D:4      | Reached skill level 10 in Air Magic
  4706 | D:5      | Reached skill level 11 in Air Magic
  4808 | D:5      | Found a staircase to the Ecumenical Temple.
  4832 | D:5      | Reached XP level 8. HP: 41/41 MP: 6/12
  4841 | Temple   | Entered the Ecumenical Temple
  4888 | Temple   | Became a worshipper of Vehumet
  4916 | D:5      | Noticed Duvessa
  4916 | D:5      | Noticed Dowan
  4939 | D:5      | Killed Duvessa
  4950 | D:5      | Killed Dowan
  4951 | D:5      | Reached skill level 12 in Air Magic
  5332 | D:5      | Learned a level 4 spell: Airstrike
  5485 | D:5      | Found a shadowy altar of Dithmenos.
  5506 | D:5      | Reached skill level 2 in Conjurations
  5542 | D:5      | Found an ancient bone altar of Kikubaaqudgha.
  5552 | D:5      | Reached skill level 1 in Fighting
  5552 | D:5      | Reached skill level 1 in Armour
  5820 | D:5      | Found Godac's Armour Shop.
  6139 | D:5      | Reached skill level 3 in Dodging
  6308 | D:6      | Reached skill level 2 in Armour
  6308 | D:6      | Reached skill level 3 in Stealth
  6308 | D:6      | Reached skill level 3 in Conjurations
  6437 | D:6      | Reached skill level 2 in Fighting
  6437 | D:6      | Reached XP level 9. HP: 48/48 MP: 5/13
  6763 | D:6      | Reached skill level 3 in Armour
  6763 | D:6      | Reached skill level 4 in Conjurations
  6780 | D:6      | Reached skill level 3 in Fighting
  6780 | D:6      | Reached skill level 4 in Dodging
  6959 | D:6      | Reached skill level 5 in Conjurations
  7453 | D:6      | Reached skill level 6 in Conjurations
  7852 | D:6      | Reached skill level 7 in Conjurations
  7934 | D:6      | Found a basalt altar of Yredelemnul.
  8038 | D:7      | Reached * piety under Vehumet
  8038 | D:7      | Offered knowledge of Magic Dart by Vehumet.
  8138 | D:7      | Reached skill level 8 in Conjurations
  8608 | D:7      | Reached skill level 9 in Conjurations
  8755 | D:7      | Noticed Maggie
  8771 | D:7      | HP: 4/50 [water moccasin (6)]
  8772 | D:7      | HP: 1/50 [/static electricity (3)]
  8772 | D:7      | Killed from afar by themself

Vanquished Creatures
  A steam dragon (D:7)
  2 water moccasins
  Duvessa (D:5)
  2 ice beasts
  3 black bears
  2 orc warriors
  3 ogres
  2 centaurs
  A phantom (D:7)
  A kobold brigand (D:7)
  A bullfrog (D:6)
  A necrophage (D:6)
  3 scorpions
  A water moccasin zombie (D:6)
  A burial acolyte (D:5)
  A wight (D:6)
  Dowan (D:5)
  2 bullfrog zombies (D:6)
  A human zombie (D:6)
  2 centaur zombies (D:6)
  4 jellies
  3 bombardier beetles
  3 hounds
  A gnoll bouda (D:7)
  3 sleepcaps
  Terence (D:2)
  2 iguanas
  An orc wizard (D:6)
  A hound zombie (D:5)
  2 mummies (D:6)
  7 gnolls
  7 adders
  3 shadow imps (D:5)
  A white imp (D:7)
  2 ufetubi (D:7)
  2 adder zombies (D:5)
  3 dart slugs
  A ribbon worm (D:3)
  13 orcs
  2 endoplasms
  4 giant cockroaches
  3 gnoll zombies (D:5)
  5 goblins
  7 hobgoblins
  8 kobolds
  2 quokkas
  6 ball pythons
  2 bats
  3 frilled lizards
  A kobold zombie (D:5)
  5 rats
140 creatures vanquished.

Table legend: (Time is in decaauts)
 A = Elapsed time spent in this place.
 B = Non-inter-level travel time spent in this place.
 C = Inter-level travel time spent in this place.
 D = Time resting spent in this place.
 E = Time spent auto-exploring this place.
 F = Levels seen in this place.
 G = Mean time per level.
                   A        B        C        D        E       F      G
               +--------+--------+--------+--------+--------+-----+--------+
         Total |   8776 |   8395 |    381 |    734 |   6518 |   8 | 1097.0 |
       Dungeon |   8717 |   8347 |    370 |    734 |   6482 |   7 | 1245.3 |
        Temple |     58 |     48 |     10 |      0 |     36 |   1 |   58.0 |
               +--------+--------+--------+--------+--------+-----+--------+

Top non-repeatable levels by time:
     D:6: 1912 daAuts
     D:4: 1675 daAuts
     D:5: 1407 daAuts
     D:2: 1101 daAuts
     D:3: 1030 daAuts
     D:1: 844 daAuts
     D:7: 746 daAuts
  Temple: 58 daAuts

Table legend:
 A = Non-vault XP
 B = Vault XP
 C = Vault XP percentage of total XP
 D = Non-vault monster count
 E = Vault monster count
 F = Vault count percentage of total count
                 A         B        C        D         E       F
            +---------+---------+-------+---------+---------+-------
      Total |    3159 |    1264 |  28.6 |     108 |      32 |  22.9
            +---------+---------+-------+---------+---------+-------
        D:1 |      31 |       0 |   0.0 |      17 |       0 |   0.0
        D:2 |      67 |      36 |  35.0 |      17 |       1 |   5.6
        D:3 |      67 |       0 |   0.0 |      15 |       0 |   0.0
        D:4 |     396 |     231 |  36.8 |      10 |       6 |  37.5
        D:5 |     788 |     496 |  38.6 |      15 |      15 |  50.0
        D:6 |    1002 |     501 |  33.3 |      18 |      10 |  35.7
        D:7 |     808 |       0 |   0.0 |      16 |       0 |   0.0
            +---------+---------+-------+---------+---------+-------

Levels and vault maps discovered:
D:1:      tarquinn_simple_flora_water_c, layout_rooms, minmay_misc_feat_five,
          skrybe_limestone_x, corexii_item_surrounded_by_moat
D:2:      layout_basic, uniq_terence
D:3:      layout_loops_ring, lemuel_crystal_altar,
          mainiacjoe_overflow_boulevard, serial_shops,
          nicolae_shop_industrial_runoff, ebering_ecumenical_altar_box,
          minmay_misc_feat_enclosed
D:4:      minmay_chambers_of_fours, layout_loops_corners,
          nicolae_twisty_statue_hallways
D:5:      layout_rooms, grunt_dithmenos_shadows,
          regret_index_kikubaaqudgha_part_by_part, minmay_temple_entry_glass,
          serial_shops, nicolae_shop_tiny_waterfront,
          nicolae_concentric_dashed_squares_mild, solitary_fountain,
          grunt_ministairs_9, mrwooster_statue_mirror, uniq_duvessa
D:6:      layout_basic, lemuel_mausoleum_altar_yredelemnul
D:7:      layout_basic, uniq_maggie
Temple:   hellmonk_temple_of_storms
